AoeStats
← [GE]GhandioHarry

Arabia

510465688Analyzed
4v4 RM · 2d ago on Oct 1, 2026· 40m 39s· 8 players
Game mode
Random Map
Map size
Large (8 player)
Population
200
Speed
Normal
Resources
Standard
Victory
Conquest
Starting age
Dark Age
Ending age
Imperial Age
RankedLock teamsTeams togetherTeam positionsShared explorationLock speedFull tech treeHidden civsTurbo modeCheats
Victory
Defeat
🇨🇱 Mapuche · Chile
1103
+16
🇨🇱 Spanish · Chile
1083
+16
🇨🇱 Vikings · Chile
1072
+17
🇨🇱 Hindustanis · Chile
1016
+19
🇺🇸 Berbers · United States
1116
-18
🇲🇽 Persians · Mexico
1111
-18
🇹🇼 Turks · Taiwan
1071
-16
🇲🇽 Magyars · Mexico
1060
-16
YONG
9:44 Loom
11:54 Feudal Age
17:56 Castle Age
24:55 Padded Archer Armor
24:47 Fletching
29:33 Double-Bit Axe
31:28 Wheelbarrow
32:20 Gold Mining
32:21 Horse Collar
34:09 Leather Archer Armor
33:49 Bodkin Arrow
34:46 Hand Cart
35:10 Husbandry
38:06 Bow Saw
38:48 Bloodlines
40:52 Scale Barding Armor
40:58 Forging
Peter Dager
6:43 Loom
10:10 Feudal Age
13:43 Double-Bit Axe
13:39 Horse Collar
17:54 Fletching
18:05 Padded Archer Armor
22:33 Castle Age
22:43 Crossbowman
23:44 Heavy Plow
23:55 Bow Saw
23:38 Gold Mining
28:49 Leather Archer Armor
28:30 Bodkin Arrow
39:14 Imperial Age
37:20 Town Watch
38:12 Gold Shaft Mining
37:27 Stone Mining
41:01 Bogsveigar
41:05 Chieftains
[GE]GhandioHarry
9:29 Loom
12:28 Feudal Age
13:04 Double-Bit Axe
13:00 Horse Collar
19:10 Castle Age
20:26 Bow Saw
20:18 Heavy Plow
21:22 Scale Barding Armor
24:11 Husbandry
27:00 Bloodlines
28:14 Forging
29:58 Iron Casting
33:32 Chain Barding Armor
36:16 Imperial Age
35:05 Gold Mining
35:06 Stone Mining
37:30 Wheelbarrow
38:36 Blast Furnace
37:00 Heavy Camel Rider
38:54 Plate Barding Armor
38:39 Hand Cart
38:11 Town Watch
39:55 Chemistry
39:01 Town Patrol
39:26 Grand Trunk Road
40:07 Imperial Camel Rider
[GE]Aplostlico
10:10 Feudal Age
10:54 Horse Collar
11:00 Double-Bit Axe
11:14 Champi Runner
13:33 Loom
14:00 Forging
13:52 Arson
14:51 Scale Mail Armor
27:55 Castle Age
26:50 Wheelbarrow
28:01 Champi Warrior
29:24 Bow Saw
29:40 Pikeman
30:49 Heavy Plow
32:59 Elite Skirmisher
33:31 Fletching
33:42 Padded Archer Armor
35:34 Stone Mining
37:52 Hand Cart
39:31 Iron Casting
39:11 Chain Mail Armor
39:20 Town Watch
40:03 Malon
43:30 Imperial Age
HUGO BOSS
5:10 Loom
11:42 Feudal Age
14:30 Double-Bit Axe
18:38 Fletching
22:48 Wheelbarrow
24:16 Horse Collar
25:02 Padded Archer Armor
31:35 Castle Age
29:21 Town Watch
31:38 Crossbowman
32:15 Bodkin Arrow
33:03 Bloodlines
33:33 Hand Cart
34:23 Leather Archer Armor
34:28 Thumb Ring
35:03 Bow Saw
34:46 Gold Mining
35:39 Ballistics
36:14 Heavy Plow
37:13 Light Cavalry
38:43 Bloodlines
39:27 Scale Barding Armor
PuneMahaWarrior
6:38 Loom
9:03 Feudal Age
9:49 Double-Bit Axe
10:39 Horse Collar
16:29 Wheelbarrow
19:45 Castle Age
18:16 Stone Mining
20:39 Bow Saw
21:05 Stone Shaft Mining
23:07 Fletching
23:21 Husbandry
23:32 Bloodlines
25:24 Bodkin Arrow
26:37 Gold Mining
29:16 Scale Barding Armor
31:39 Ballistics
31:56 Chain Barding Armor
33:04 Forging
34:30 Iron Casting
36:26 Hand Cart
hugobsky
9:58 Feudal Age
11:17 Loom
14:38 Castle Age
20:25 Double-Bit Axe
26:38 Scale Barding Armor
26:50 Bloodlines
30:00 Squires
30:47 Chain Barding Armor
36:04 Horse Collar
36:53 Forging
41:57 Imperial Age
40:04 Wheelbarrow
Jason
7:46 Loom
10:27 Feudal Age
15:45 Horse Collar
16:24 Bloodlines
22:10 Castle Age
29:41 Imperial Age
36:56 Imperial Age
Connection lost

Rejoining the realm…

Still unreachable

The connection could not be restored.

Session expired

The server has moved on; the page needs a fresh start.